 Dungeon Crawl Stone Soup version 0.22-a0-439-gac93bac (webtiles) character file.

34 iamserjio the Sneak (level 3, 2/18 HPs)
             Began as an Octopode Wizard on May 29, 2018.
             Quit the game on level 2 of the Dungeon.
             The game lasted 00:03:04 (932 turns).

iamserjio the Sneak (Octopode Wizard)                Turns: 932, Time: 00:03:05

Health: 2/18       AC:  1    Str:  6    XL:     3   Next: 31%
Magic:  0/7        EV: 13    Int: 21    God:
Gold:   66         SH:  0    Dex: 10    Spells: 5/8 levels left

rFire    . . .     SeeInvis .   f - +0 short sword (freeze)
rCold    . . .     Gourm    .   (no shield)
rNeg     . . .     Faith    .   a - +0 hat
rPois    .         Spirit   .   (no amulet)
rElec    .         Reflect  .   (no ring)
rCorr    .         Harm     .   (no ring)
MR       +....                  (no ring)
Stlth    +++.......             (no ring)
HPRegen  0.06/turn              (no ring)
MPRegen  0.10/turn              (no ring)
                                (no ring)
                                (no ring)

@: lethally poisoned (2 -> -2), very slightly contaminated
A: almost no armour, stealthy swim, amphibious, 8 rings, constrict 8, camouflage
1, frail 1, magic resistance 1, gelatinous body 1
a: no special abilities


You were on level 2 of the Dungeon.
You were not hungry.

You visited 1 branch of the dungeon, and saw 2 of its levels.

You collected 66 gold pieces.

Inventory:

Hand Weapons
 f - a +0 short sword of freezing (weapon)
Missiles
 e - 111 stones (quivered)
Armour
 a - a +0 hat (worn)
Scrolls
 b - 3 scrolls of identify {unknown}
 h - a scroll of amnesia {unknown}
 i - 2 scrolls of teleportation {unknown}
 j - a scroll of fog {unknown}
Comestibles
 c - 6 rations
 d - a chunk of flesh


   Skills:
 - Level 2.1 Dodging
 + Level 3.5 Stealth
 + Level 3.2 Spellcasting
 * Level 2.1 Conjurations
   Level 1.0 Summonings
 - Level 1.0 Translocations


You had 5 spell levels left.
You knew the following spells:

 Your Spells              Type           Power        Failure   Level  Hunger
a - Magic Dart            Conj           ##..         5%          1    None
b - Blink                 Tloc           N/A          13%         2    ##.....

Your spell library contained the following spells:

 Spells                   Type           Power        Failure   Level  Hunger
 Conjure Flame            Conj/Fire      #.......     26%         3    ###....
 Slow                     Hex            #.......     21%         2    ##.....
 Mephitic Cloud           Conj/Pois/Air  #.......     28%         3    ###....
 Call Imp                 Summ           #.......     13%         2    ##.....


Dungeon Overview and Level Annotations

Branches:
Dungeon (2/15)

Altars:
Dithmenos


Innate Abilities, Weirdness & Mutations

You cannot wear most types of armour.
You are very stealthy in the water. (Stealth+)
You are amphibious.
You can wear up to eight rings at the same time.
You can use your tentacles to constrict eight enemies at once.
Your skin changes colour to match your surroundings (Stealth+).
Your rubbery body absorbs attacks. (AC +1, EV +1)
You are frail. (-10% HP)
You are resistant to hostile enchantments. (MR+)


Message History

Casting: Magic Dart (safe; 5% risk of failure)
Confirm with . or Enter, or press ? or * to list all spells.
Aiming: Magic Dart (safe; 5% risk of failure)
Press: ? - help, Shift-Dir - straight line, f/p - adder
Aim: an adder (severely wounded)
The magic dart hits the adder.
The adder is almost dead.
The adder barely misses you.
Casting: Magic Dart (safe; 5% risk of failure)
Confirm with . or Enter, or press ? or * to list all spells.
Aiming: Magic Dart (safe; 5% risk of failure)
Press: ? - help, Shift-Dir - straight line, f/p - adder
Aim: an adder (almost dead)
You miscast Magic Dart.
You are very lightly contaminated with residual magic.
The air around you crackles with energy!
* * * LOW HITPOINT WARNING * * *
You feel sick. The adder barely misses you. The adder closely misses you.
The frilled lizard closely misses you.
Are you sure you want to abandon this character and quit the game? (Confirm with "yes".)

#........##.##.# #.#
#........##.##.# #.##
#.........#.##.# #...
#...†.....#.##.# ####
#....(....#.##.#
#...........##.######
####.#####..##.......
..#######)#
#..##.######
.........@######.##.#
........lS#.......#.#
....................#
..######............#
. #.........(..#
####'######..#
#........#..#
#........##>#
#........####


You could see an adder and a frilled lizard.

Vanquished Creatures
  An adder (D:2)
  2 leopard geckos
  3 bats (D:1)
  2 giant cockroaches
  2 goblins (D:1)
  3 hobgoblins
  A ball python (D:1)
  2 frilled lizards
  3 kobolds
  4 rats
23 creatures vanquished.

Notes
Turn   | Place    | Note
-------+----------+-------------------------------------------
     0 | D:1      | iamserjio the Octopode Wizard began the quest for the Orb.
     0 | D:1      | Reached XP level 1. HP: 11/11 MP: 4/4
   107 | D:1      | Reached XP level 2. HP: 17/17 MP: 3/6
   524 | D:2      | Learned a level 2 spell: Blink
   628 | D:2      | Reached XP level 3. HP: 21/21 MP: 2/7
   704 | D:2      | Found a shadowy altar of Dithmenos.
   927 | D:2      | Gained mutation: You are frail. (-10% HP) [potion of mutation]
   927 | D:2      | Gained mutation: You are resistant to hostile enchantments. (MR+) [potion of mutation]
   932 | D:2      | Quit the game

Vault maps used:
D:1:      dpeg_arrival_rooms_b
D:2:      lemuel_crystal_altar, old_standard_altar

Skill      XL: |  1  2 |
---------------+-------+-----
Stealth        | 3 |  3.5
Conjurations   | 2 |  2.1
Dodging        | |  2.1
Spellcasting   | |  3.2
Summonings     | |  1.0
Translocations | |  1.0

Action                   || total
-------------------------++-------
Melee: Short sword       ||    17
       Constrict         ||     4
 Cast: Magic Dart        ||    44
       Blink             ||     1
  Use: Potion            ||     1
Armor: Skin              ||     2
Dodge: Dodged            ||    27

Table legend:
 A = Spawn XP
 B = Non-spawn XP
 C = Spawn XP percentage of total XP
 D = Spawn monster count
 E = Non-spawn monster count
 F = Spawn count percentage of total count
 G = Total turns spent on level
                    A         B        C        D         E        F      G
               +---------+---------+-------+---------+---------+-------+---------
         Total |       0 |      49 |   0.0 |       0 |      23 |   0.0 |   932
               +---------+---------+-------+---------+---------+-------+---------
           D:1 |       0 |      23 |   0.0 |       0 |      14 |   0.0 |   520
           D:2 |       0 |      26 |   0.0 |       0 |       9 |   0.0 |   412
               +---------+---------+-------+---------+---------+-------+---------
